 Dungeon Crawl Stone Soup version 0.22-a0-271-gc000056 (webtiles) character file.

95 xccam the Cudgeler (level 4, 0/38 HPs)
             Began as a Gnoll Wanderer on Mar 10, 2018.
             Killed from afar by Sigmund (5 damage)
             ... with a puff of flame
             ... on level 2 of the Dungeon.
             The game lasted 00:04:56 (1250 turns).

xccam the Cudgeler (Gnoll Wanderer)                 Turns: 1250, Time: 00:04:57

Health: 0/38       AC: 13    Str: 13      XL:     4   Next: 66%
Magic:  6/6        EV:  9    Int: 14 (15) God:
Gold:   61         SH:  0    Dex: 13 (16) Spells: 5/5 levels left

rFire    + . .     SeeInvis .   l - +0 whip
rCold    x . .     Gourm    .   (no shield)
rNeg     . . .     Faith    .   a - +2 scale mail
rPois    .         Spirit   .   j - +0 helmet
rElec    .         Reflect  .   (no cloak)
rCorr    .         Harm     .   f - +2 pair of gloves
MR       .....                  (no boots)
Stlth    +.........             (no amulet)
HPRegen  0.12/turn              g - ring of fire
MPRegen  0.10/turn              (no ring)

@: no status effects
A: distributed training, fangs 1, strong nose
a: no special abilities


You were on level 2 of the Dungeon.
You were not hungry.

You visited 1 branch of the dungeon, and saw 2 of its levels.

You collected 61 gold pieces.

Inventory:

Hand Weapons
 b - a +0 hand axe
 l - a +0 whip (weapon)
Missiles
 e - 4 tomahawks (quivered)
Armour
 a - a +2 scale mail (worn)
 f - a +2 pair of gloves (worn)
 j - a +0 helmet (worn)
Jewellery
 g - a ring of fire (left hand)
Wands
 q - a wand of paralysis (10)
Scrolls
 k - a scroll of random uselessness
 m - a scroll of fear
 n - a scroll of teleportation {unknown}
 o - a scroll of enchant weapon {unknown}
Potions
 c - a potion of curing
Comestibles
 d - 10 rations


   Skills:
 + Level 4.6 Fighting
 + Level 1.2 Short Blades
 + Level 1.2 Long Blades
 + Level 2.8 Axes
 + Level 6.6 Maces & Flails
 + Level 1.2 Polearms
 + Level 1.2 Staves
 + Level 1.2 Slings
 + Level 1.2 Bows
 + Level 1.2 Crossbows
 + Level 1.2 Throwing
 + Level 4.6 Armour
 + Level 1.2 Dodging
 + Level 2.6 Stealth
 + Level 1.2 Shields
 + Level 1.2 Unarmed Combat
 + Level 1.2 Spellcasting
 + Level 1.0 Conjurations
 + Level 1.0 Hexes
 + Level 1.0 Charms
 + Level 1.0 Summonings
 + Level 1.0 Necromancy
 + Level 1.0 Translocations
 + Level 1.0 Transmutations
 + Level 1.0 Fire Magic
 + Level 1.0 Ice Magic
 + Level 1.0 Air Magic
 + Level 1.0 Earth Magic
 + Level 1.0 Poison Magic
 + Level 1.3 Invocations
 + Level 2.8 Evocations


You had 5 spell levels left.
You didn't know any spells.

Dungeon Overview and Level Annotations

Branches:
Dungeon (2/15)

Altars:

Annotations:
D:2 Sigmund


Innate Abilities, Weirdness & Mutations

Your experience applies equally to all skills.
You have very sharp teeth.
Your uncanny sense of smell can sniff out nearby items.


Message History

Sigmund points at you and mumbles some strange words.
The magic dart hits you!
You bump into the rock wall.
Sigmund casts a spell at you. The puff of flame hits you! You resist.
You're too confused to move!
Sigmund hits you from afar with a scythe of protection.
* * * LOW HITPOINT WARNING * * *
You bump into the rock wall.
Sigmund casts a spell at you. The puff of flame hits you! You resist.
* * * LOW HITPOINT WARNING * * *
Sigmund barely misses you.
You bump into the rock wall.
Sigmund hits you from afar with a scythe of protection.
* * * LOW HITPOINT WARNING * * *
You feel less confused. Sigmund casts a spell at you.
The puff of flame hits you! You resist.
You die...

.....@.# #..#
#...@.... #.#@####
##.## ######### #.#.#
#..# #.#.# ##.# ..#.#
##@## ###.# ##...##
#### # #.# ###.....###
#.. #.#
###....♣....###
##.####
#.####........@....#
#......
###.##.#.>...###...<.#
#..####
.......#...###.###...#
###..####
#......#######...#####
#.......# ##...##.##
##.#.## #.#......
##.####.###.##.#
#.#.###.# #.#
##...###.# #.#.###.#
#.# ##### #.#
#.#...#.# ##'## ##.##
#.###.#.#


You could see Sigmund.

Vanquished Creatures
  A hound (D:2)
  Natasha (D:2)
  An adder (D:2)
  A worm (D:2)
  2 dart slugs
  2 leopard geckos (D:2)
  3 giant cockroaches
  3 goblins
  2 hobgoblins (D:2)
  7 jackals
  5 kobolds (D:1)
  A bat (D:1)
  3 frilled lizards (D:1)
  6 rats
38 creatures vanquished.

Vanquished Creatures (others)
  A goblin (D:1)
  A ball python (D:1)
  A kobold (D:1)
3 creatures vanquished.

Grand Total: 41 creatures vanquished

Notes
Turn   | Place    | Note
-------+----------+-------------------------------------------
     0 | D:1      | xccam the Gnoll Wanderer began the quest for the Orb.
     0 | D:1      | xccam set off with: a +2 scale mail, a +0 hand axe, a potion of curing, a ration
     0 | D:1      | Reached XP level 1. HP: 20/20 MP: 2/2
   146 | D:1      | Reached XP level 2. HP: 18/26 MP: 3/3
   531 | D:1      | Reached XP level 3. HP: 31/31 MP: 4/4
   703 | D:2      | Noticed Natasha
   727 | D:2      | Killed Natasha
   727 | D:2      | Reached skill level 1 in Short Blades
   727 | D:2      | Reached skill level 1 in Long Blades
   727 | D:2      | Reached skill level 1 in Polearms
   727 | D:2      | Reached skill level 1 in Staves
   727 | D:2      | Reached skill level 1 in Slings
   727 | D:2      | Reached skill level 1 in Bows
   727 | D:2      | Reached skill level 1 in Crossbows
   727 | D:2      | Reached skill level 1 in Throwing
   727 | D:2      | Reached skill level 1 in Dodging
   727 | D:2      | Reached skill level 1 in Shields
   727 | D:2      | Reached skill level 1 in Unarmed Combat
   727 | D:2      | Reached skill level 1 in Spellcasting
   727 | D:2      | Reached skill level 1 in Invocations
   739 | D:2      | Reached XP level 4. HP: 16/38 MP: 6/6
  1025 | D:2      | Noticed Sigmund
  1198 | D:2      | Reached skill level 1 in Conjurations
  1198 | D:2      | Reached skill level 1 in Hexes
  1198 | D:2      | Reached skill level 1 in Charms
  1198 | D:2      | Reached skill level 1 in Summonings
  1198 | D:2      | Reached skill level 1 in Necromancy
  1198 | D:2      | Reached skill level 1 in Translocations
  1198 | D:2      | Reached skill level 1 in Transmutations
  1198 | D:2      | Reached skill level 1 in Fire Magic
  1198 | D:2      | Reached skill level 1 in Ice Magic
  1198 | D:2      | Reached skill level 1 in Air Magic
  1198 | D:2      | Reached skill level 1 in Earth Magic
  1198 | D:2      | Reached skill level 1 in Poison Magic
  1250 | D:2      | Killed from afar by Sigmund

Vault maps used:
D:1:      lordsloth_arrival_two_stooges, lemuel_another_geyser
D:2:      first_ration, grunt_ministairs_12, kennysheep_generic_room_9,
          uniq_natasha, uniq_sigmund

Skill      XL: |  1  2  3  4 |
---------------+-------------+-----
Short Blades   | 1 |  1.2
Long Blades    | 1 |  1.2
Polearms       | 1 |  1.2
Staves         | 1 |  1.2
Slings         | 1 |  1.2
Bows           | 1 |  1.2
Crossbows      | 1 |  1.2
Throwing       | 1 |  1.2
Dodging        | 1 |  1.2
Shields        | 1 |  1.2
Unarmed Combat | 1 |  1.2
Spellcasting   | 1 |  1.2
Invocations    | 1 |  1.3
Conjurations   | 1 |  1.0
Hexes          | 1 |  1.0
Charms         | 1 |  1.0
Summonings     | 1 |  1.0
Necromancy     | 1 |  1.0
Translocations | 1 |  1.0
Transmutations | 1 |  1.0
Fire Magic     | 1 |  1.0
Ice Magic      | 1 |  1.0
Air Magic      | 1 |  1.0
Earth Magic    | 1 |  1.0
Poison Magic   | 1 |  1.0
Fighting       | |  4.6
Axes           | |  2.8
Maces & Flails | |  6.6
Armour         | |  4.6
Stealth        | |  2.6
Evocations     | |  2.8

Action                   |  1- 3 |  4- 6 || total
-------------------------+-------+-------++-------
Melee: Hand axe          |    54 |       ||    54
       Bite              |    10 |     9 ||    19
       Whip              |    41 |    73 ||   114
Throw: Tomahawk          |     4 |       ||     4
Evoke: Wand              |       |     3 ||     3
  Use: Scroll            |       |     3 ||     3
       Potion            |       |     1 ||     1
  Eat: Chunk             |       |     1 ||     1
Armor: Scale mail        |    43 |    47 ||    90
Dodge: Dodged            |    44 |    33 ||    77

Table legend:
 A = Spawn XP
 B = Non-spawn XP
 C = Spawn XP percentage of total XP
 D = Spawn monster count
 E = Non-spawn monster count
 F = Spawn count percentage of total count
 G = Total turns spent on level
                    A         B        C        D         E        F      G
               +---------+---------+-------+---------+---------+-------+---------
         Total |       0 |     137 |   0.0 |       0 |      38 |   0.0 |  1250
               +---------+---------+-------+---------+---------+-------+---------
           D:1 |       0 |      34 |   0.0 |       0 |      20 |   0.0 |   581
           D:2 |       0 |     103 |   0.0 |       0 |      18 |   0.0 |   669
               +---------+---------+-------+---------+---------+-------+---------
